 Dungeon Crawl Stone Soup version 0.22-a0-866-geee5034 (webtiles) character file.

143 Leszczynek the Sneak (level 5, 0/32 HPs)
             Began as a Deep Elf Monk on July 28, 2018.
             Slain by an orc wizard
             ... wielding a +0 dagger
              (3 damage)
             ... on level 5 of the Dungeon.
             The game lasted 00:10:16 (1949 turns).

Leszczynek the Sneak (Deep Elf Monk)                Turns: 1949, Time: 00:10:17

Health: 0/32       AC:  2    Str:  8    XL:     5   Next: 4%
Magic:  7/7        EV: 14    Int: 16    God:
Gold:   147        SH:  0    Dex: 17    Spells: 4/4 levels left

rFire    + . .     SeeInvis .   a - +0 short sword
rCold    . . .     Gourm    .   (no shield)
rNeg     . . .     Faith    .   b - +0 robe
rPois    .         Spirit   .   (no helmet)
rElec    .         Reflect  .   (no cloak)
rCorr    .         Harm     .   (no gloves)
MR       .....                  (no boots)
Stlth    +.........             (no amulet)
HPRegen  0.10/turn              j - ring of protection from fire
MPRegen  0.10/turn              (no ring)

@: confused
A: no striking features
a: no special abilities


You were on level 5 of the Dungeon.
You were not hungry.

You visited 1 branch of the dungeon, and saw 6 of its levels.

You collected 147 gold pieces.

Inventory:

Hand Weapons
 a - a +0 short sword (weapon)
Missiles
 e - 6 poisoned needles
 k - 16 arrows
Armour
 b - a +0 robe (worn)
Jewellery
 j - a ring of protection from fire (left hand)
Scrolls
 g - a scroll of remove curse {unknown}
Comestibles
 c - 6 chunks of flesh
 d - 3 rations


   Skills:
 + Level 3.3 Fighting
 - Level 3.0 Short Blades
 + Level 4.2 Dodging
 - Level 5.2 Stealth


You had 4 spell levels left.
You didn't know any spells.
Your spell library was empty.

Dungeon Overview and Level Annotations

Branches:
Dungeon (6/15)
 Temple: D:4-7

Altars:
Gozag
Nemelex Xobeh
Qazlal
Uskayaw
The Shining One

Annotations:
D:3 2 transporters, HydraWiggins's ghost, amateur GnWz


Message History

You barely miss something. Something hits you.
You hit something but do no damage. Something hits you.
You aren't carrying any potions.
You miss something.
You hear some strange, mumbled words.
A magic dart appears from out of thin air!
The magic dart hits you!
You closely miss something. Something barely misses you.
You hit something but do no damage. Something hits you.
You hit something. Something hits you.
* * * LOW HITPOINT WARNING * * *
You closely miss something. You hit something.
You hear some strange, mumbled words.
You are confused.
You're too confused to move!
Something hits you but does no damage.
You bump into the metal wall.
Something hits you.
* * * LOW HITPOINT WARNING * * *
You closely miss something. Something hits you.
You die...

....#..........#
##.#.# #.# #.# ..
#.#)# #.# #.# .$
#.#.# #.# #.# ..
#.#..# #.# #)# (#
.###.# #.# #.# o#
#.#..# #.# #.# .#
##.#.####.####.####.#
....#...........@{(.#
####.#########.######
#.# #.# #.# #.# #.#
#.# #.# #.. ####.#
### .....# ######


There were no monsters in sight!

Vanquished Creatures
  A centaur skeleton (D:4)
  A worker ant (D:5)
  A hound skeleton (D:5)
  A howler monkey skeleton (D:4)
  2 adders
  An adder zombie (D:6)
  4 leopard geckos
  6 orcs
  5 bats
  2 giant cockroaches (D:1)
  3 hobgoblins (D:1)
  A jackal (D:1)
  2 kobolds
  A ball python (D:3)
  7 goblins
  3 rats
41 creatures vanquished.

Notes
Turn   | Place    | Note
-------+----------+-------------------------------------------
     0 | D:1      | Leszczynek the Deep Elf Monk began the quest for the Orb.
     0 | D:1      | Reached XP level 1. HP: 13/13 MP: 3/3
    47 | D:1      | Reached skill level 3 in Stealth
    76 | D:1      | Reached XP level 2. HP: 13/18 MP: 4/4
   252 | D:1      | Reached skill level 4 in Stealth
   378 | D:2      | Found a glowing golden altar of the Shining One.
   389 | D:2      | Reached XP level 3. HP: 15/22 MP: 5/5
   470 | D:4      | Noticed an orc warrior
   521 | D:3      | Found an opulent altar of Gozag.
   668 | D:4      | HP: 3/22 [centaur skeleton (4)]
   669 | D:4      | centaur skeletons man
   671 | D:4      | Found a sparkling altar of Nemelex Xobeh.
   824 | D:4      | Reached skill level 5 in Stealth
   824 | D:4      | Reached XP level 4. HP: 17/27 MP: 6/6
   980 | D:4      | Reached skill level 3 in Fighting
  1013 | D:3      | Found a transporter.
  1015 | D:3      | Found a transporter.
  1049 | D:3      | Noticed HydraWiggins's ghost (amateur GnWz)
  1218 | D:4      | Found a stormy altar of Qazlal.
  1236 | D:5      | Entered Level 5 of the Dungeon
  1247 | D:4      | :)
  1398 | D:5      | Reached skill level 4 in Dodging
  1417 | D:5      | HP: 5/28 [poisoned by a worker ant]
  1465 | D:5      | HP: 5/28 [hound skeleton (1)]
  1471 | D:5      | HP: 3/28 [hound skeleton (2)]
  1672 | D:6      | Noticed a hand axe
  1673 | D:6      | Noticed a hand axe
  1675 | D:6      | Found a hide-covered altar of Uskayaw.
  1712 | D:6      | Reached XP level 5. HP: 24/32 MP: 7/7
  1751 | D:4      | Noticed a phantom
  1829 | D:6      | Noticed an ogre
  1948 | D:5      | HP: 3/32 [something (4)]
  1949 | D:5      | Slain by an orc wizard

Vault maps used:
D:1:      saegor_arrival_simple_c, minmay_hexomino_f4
D:2:      tso_oasis_becter, first_ration, minmay_item_behind_shaft, hex_large,
          serial_park_tiny_1, nicolae_tso_swordbearing_angel
D:3:      nicolae_gozag_seed_capital, gammafunk_ghost_mausoleum
D:4:      nemelex_xobeh_ov_fountains_minmay, grunt_qazlal_sundering,
          uniq_crazy_yiuf_cottage
D:5:      bloody_makhleb
D:6:      dancing_weapons_uskayaw, nicolae_overflow_hidden_temple,
          lemuel_coloured_pillars_altar, gammafunk_temple_overflow_wave,
          old_standard_altar

Skill      XL: |  1  2  3  4 |
---------------+-------------+-----
Stealth        | 3 4 5 |  5.2
Fighting       | 3 |  3.3
Dodging        | 4 |  4.2
Short Blades   | |  3.0

Action                   |  1- 3 |  4- 6 || total
-------------------------+-------+-------++-------
Melee: Short sword       |   104 |    71 ||   175
Throw: Javelin           |     6 |    18 ||    24
  Use: Potion            |     1 |     3 ||     4
       Scroll            |     1 |       ||     1
 Stab: Sleeping          |     7 |       ||     7
  Eat: Chunk             |       |     3 ||     3
       Ration            |       |     1 ||     1
Armor: Robe              |    16 |     6 ||    22
Dodge: Dodged            |    71 |    43 ||   114

Table legend:
 A = Spawn XP
 B = Non-spawn XP
 C = Spawn XP percentage of total XP
 D = Spawn monster count
 E = Non-spawn monster count
 F = Spawn count percentage of total count
 G = Total turns spent on level
                    A         B        C        D         E        F      G
               +---------+---------+-------+---------+---------+-------+---------
         Total |       0 |     205 |   0.0 |       0 |      41 |   0.0 |  1949
               +---------+---------+-------+---------+---------+-------+---------
           D:1 |       0 |      35 |   0.0 |       0 |      19 |   0.0 |   350
           D:2 |       0 |      16 |   0.0 |       0 |       3 |   0.0 |    99
           D:3 |       0 |      16 |   0.0 |       0 |       8 |   0.0 |   331
           D:4 |       0 |      74 |   0.0 |       0 |       5 |   0.0 |   480
           D:5 |       0 |      59 |   0.0 |       0 |       5 |   0.0 |   535
           D:6 |       0 |       5 |   0.0 |       0 |       1 |   0.0 |   154
               +---------+---------+-------+---------+---------+-------+---------
